 Dungeon Crawl Stone Soup version 0.17.1-3-g152610e (webtiles) character file.

3605 GFox the Covered (level 9, -2/64 HPs)
             Began as a Deep Dwarf Hunter on Feb 29, 2016.
             Was a Believer of Dithmenos.
             Succumbed to a spiny frog's poison
             ... on level 8 of the Dungeon.
             The game lasted 02:24:21 (7966 turns).

GFox the Covered (Deep Dwarf Hunter)                Turns: 7966, Time: 02:24:21

Health: -2/64      AC:  7    Str: 18 (19) XL:     9   Next: 86%
Magic:  0/0        EV:  7    Int: 14 (15) God:    Dithmenos [**....]
Gold:   258        SH:  0    Dex: 16      Spells: 0 memorised, 8 levels left

rFire  . . .     SeeInvis .     D - staff of poison
rCold  + . .     Clarity  .     v - +1 plate armour
rNeg   . . .     SustAt   .     (no shield)
rPois  +         Gourm    .     z - +0 helmet
rElec  .         Spirit   .     (no cloak)
rCorr  .         Warding  .     (no gloves)
rMut   .         Stasis   .     (no boots)
MR     +....                    s - amulet of rage
Stlth  ..........               J - +3 ring of strength
                                P - +3 ring of intelligence

@: lethally poisoned (-2 -> -40), about to teleport, corroded equipment, very
slightly contaminated, non-regenerating, wreathed by umbra, somewhat resistant
to hostile enchantments, extremely unstealthy
A: damage resistance, recharge devices, cold resistance 1, deterioration 1,
frail 2, sense surroundings 2, slow regeneration 3
a: Device Recharging, Shadow Step, Renounce Religion, Evoke Berserk Rage


You were on level 8 of the Dungeon.
You worshipped Dithmenos.
Dithmenos was pleased with you.
You were not hungry.

You visited 2 branches of the dungeon, and saw 9 of its levels.

You collected 370 gold pieces.
You spent 112 gold pieces at shops.

Inventory:

Hand Weapons
 a - a +1 antimagic hand axe
 c - a +0 dagger of speed
 i - a +0 dagger of venom
 j - a +2 dagger of pain
 x - a +2 trident of holy wrath
 E - a +3 arbalest of freezing
Missiles
 h - 8 tomahawks
 p - 5 javelins
 A - 30 poisoned needles
 H - 2 bolts (quivered)
Armour
 v - a +1 plate armour (worn)
 z - a +0 helmet (worn)
 B - a +2 large shield
Magical Staves
 D - an uncursed staff of poison (weapon)
Jewellery
 s - an amulet of rage (around neck)
 y - an uncursed ring of wizardry
 J - a +3 ring of strength (right hand)
 M - an uncursed ring of positive energy
 P - a +3 ring of intelligence (left hand)
Wands
 e - a wand of heal wounds (1)
 C - a wand of cold (2)
 I - a wand of lightning (8)
 K - a wand of magic darts (35)
Scrolls
 o - 3 scrolls of amnesia
 q - 2 scrolls of blinking
 u - 2 scrolls of teleportation
 F - 2 scrolls of remove curse
Potions
 d - 2 potions of haste
 k - a potion of might
 l - a potion of flight
 m - a potion of ambrosia
 w - 2 potions of agility {unknown}
 L - 2 potions of brilliance {unknown}
Books
 r - a book of Flames

   Spells                             Type                      Level
   a - Flame Tongue                   Conjuration/Fire             1
   b - Throw Flame                    Conjuration/Fire             2
   c - Conjure Flame                  Conjuration/Fire             3
   d - Inner Flame                    Hexes/Fire                   3
   e - Sticky Flame                   Conjuration/Fire             4
   f - Fireball                       Conjuration/Fire             5
   Dithmenos disapproves of the use of such an item.
 N - a book of Debilitation

   Spells                             Type                      Level
   a - Corona                         Hexes                        1
   b - Slow                           Hexes                        2
   c - Gell's Gravitas                Hexes/Translocation          3
   d - Inner Flame                    Hexes/Fire                   3
   e - Cause Fear                     Hexes                        4
   f - Leda's Liquefaction            Hexes/Earth                  4
Comestibles
 b - a meat ration
 f - 5 bread rations
 g - a beef jerky
 t - a fruit


   Skills:
 + Level 5.0 Fighting
 + Level 0.8 Short Blades
 + Level 1.0(2.4) Axes
 + Level 2.9(3.0) Polearms
 + Level 0.5(1.8) Staves
 + Level 5.6 Crossbows
 + Level 6.5 Throwing
 + Level 7.9 Armour
 + Level 3.5 Dodging
 + Level 3.0 Stealth
 + Level 4.0 Shields
 + Level 4.4 Evocations


You had 8 spell levels left.
You didn't know any spells.

Dungeon Overview and Level Annotations

Branches:
Dungeon (8/15)             Temple (1/1) D:7            Lair (0/8) D:8

Altars:
Ashenzari
Cheibriados
Dithmenos
Elyvilon
Fedhas
Gozag
Kikubaaqudgha
Makhleb
Nemelex Xobeh
Okawaru
Qazlal
Ru
Sif Muna
Trog
Vehumet
Xom
Yredelemnul
Zin

Shops:
D:4 ?


Innate Abilities, Weirdness & Mutations

You are resistant to damage.
You can recharge devices by infusing magical energy.
You passively map the area around you.
You do not regenerate naturally.
Your flesh is cold resistant.
Your body sometimes deteriorates upon taking damage.
You are very frail (-20% HP).


Message History

You feel very sick. The spiny frog barely misses you.
The crimson imp hits you but does no damage.
The spiny frog stings you!!
* * * LOW HITPOINT WARNING * * *
Your body deteriorates!
You feel dopey.
You are more poisoned.
The spiny frog poisons you!
* * * LOW HITPOINT WARNING * * *
You feel very sick.
The blink frog blinks!
As you read the scroll of teleportation, it crumbles to dust.
You feel strangely unstable.
* * * LOW HITPOINT WARNING * * *
You feel very sick. The spiny frog barely misses you.
The crimson imp hits you but does no damage.
* * * LOW HITPOINT WARNING * * *
You feel very sick.
The crimson imp blinks!
You die...

......#* , , ......# , ,,
(.....# ..... ......#,..(..
####### ......#
......*#.....## ..F...#
.(.... #......#
r#######<.....##......#
F..D.r(..(..$.(.....<.#
.hr.............@.F...#
........((.(..((†...D5#
....####.(##..##..##r#####
....####..##..##..##.##..##
..................#.rJ....#
..................#rF.....#
..............$...#.......#
....##'#####......#.......#
#####*....##......'.......#


You could see a spiny frog, a steam dragon, a crimson imp and a quokka.

Vanquished Creatures
  The ghost of GFox the Covert, a novice GrMo of Makhleb (D:8)
  The ghost of Gargoyl the Skirmisher, a novice DsAK of Lugonu (D:5)
  A hungry ghost (D:7)
  Menkaure (D:5)
  A porcupine (D:8)
  2 orc warriors
  2 sky beasts
  An eye of draining (D:5)
  3 centaurs
  2 ogres (D:7)
  A phantom (D:7)
  3 giant frogs (D:7)
  A wyvern skeleton (D:7)
  A gnoll sergeant (D:5)
  2 scorpions
  A water moccasin skeleton (D:6)
  2 centaur zombies (D:8)
  A giant frog zombie (D:8)
  2 orc wizards
  An orc priest (D:7)
  3 crimson imps
  6 hounds
  2 jellies (D:6)
  6 worker ants
  2 iguanas
  10 gnolls
  8 adders
  2 oozes
  A worm (D:5)
  6 giant geckos
  12 orcs
  5 ball pythons
  6 bats
  3 giant cockroaches
  7 hobgoblins
  8 jackals
  7 kobolds
  7 giant newts
  9 goblins
  7 quokkas
  8 rats
155 creatures vanquished.

Notes
Turn   | Place    | Note
--------------------------------------------------------------
     0 | D:1      | GFox the Deep Dwarf Hunter began the quest for the Orb.
     0 | D:1      | Reached XP level 1. HP: 19/19 MP: 1/1
   238 | D:1      | Reached XP level 2. HP: 15/26 MP: 2/2
   242 | D:1      | Reached skill level 4 in Throwing
   865 | D:1      | Reached XP level 3. HP: 16/32 MP: 2/2
  1212 | D:2      | Reached skill level 1 in Armour
  1229 | D:2      | Reached XP level 4. HP: 37/39 MP: 3/3
  1884 | D:3      | Found a shadowy altar of Dithmenos.
  1887 | D:3      | Became a worshipper of Dithmenos the Shadowed
  2762 | D:4      | Reached XP level 5. HP: 45/45 MP: 4/4
  2773 | D:4      | Reached skill level 5 in Throwing
  2863 | D:4      | Found Bionwen's Magic Scroll Emporium.
  2873 | D:4      | Bought a scroll of identify for 28 gold pieces
  2873 | D:4      | Bought a scroll of identify for 28 gold pieces
  2873 | D:4      | Bought 2 scrolls of identify for 56 gold pieces
  3295 | D:4      | Reached skill level 1 in Shields
  3383 | D:4      | Reached XP level 6. HP: 52/52 MP: 3/3
  3722 | D:5      | Entered Level 5 of the Dungeon
  3722 | D:5      | Noticed Gargoyl's ghost (novice DsAK)
  3734 | D:5      | Reached * piety under Dithmenos
  3777 | D:5      | Killed Gargoyl's ghost
  3777 | D:5      | Reached XP level 7. HP: 34/61 MP: 2/4
  3836 | D:5      | Found a blossoming altar of Fedhas.
  3888 | D:5      | Found an opulent altar of Gozag.
  3888 | D:5      | Found a glowing silver altar of Zin.
  3967 | D:5      | Found a bloodstained altar of Trog.
  4291 | D:5      | Gained mutation: Your body sometimes deteriorates upon taking damage. [potion of mutation]
  4291 | D:5      | Gained mutation: You are frail (-10% HP). [potion of mutation]
  4291 | D:5      | Gained mutation: You are very frail (-20% HP). [potion of mutation]
  4454 | D:5      | Reached skill level 5 in Armour
  4602 | D:5      | Noticed Menkaure
  4605 | D:5      | Killed Menkaure
  4605 | D:5      | Reached XP level 8. HP: 48/55 MP: 0/2
  4832 | D:6      | Found a basalt altar of Yredelemnul.
  5076 | D:6      | Gained mutation: Your flesh is cold resistant. [mutagenic meat]
  5153 | D:6      | Reached skill level 1 in Axes
  5153 | D:6      | Reached skill level 1 in Polearms
  6124 | D:7      | Reached skill level 6 in Armour
  6314 | D:7      | Found a staircase to the Ecumenical Temple.
  6358 | Temple   | Entered the Ecumenical Temple
  6564 | D:7      | Gained mutation: You passively map the area around you. [Deep Dwarf growth]
  6564 | D:7      | Reached XP level 9. HP: 43/62 MP: 1/1
  6690 | D:7      | Reached ** piety under Dithmenos
  6800 | D:7      | Found a stormy altar of Qazlal.
  7014 | D:7      | Found an iron altar of Okawaru.
  7328 | D:7      | Reached skill level 7 in Armour
  7781 | D:8      | Found a burning altar of Makhleb.
  7854 | D:8      | Noticed GFox's ghost (novice GrMo)
  7857 | D:8      | Killed GFox's ghost
  7857 | D:8      | Reached skill level 5 in Crossbows
  7890 | D:8      | Noticed a spiny frog
  7905 | D:8      | Reached skill level 5 in Fighting
  7965 | D:8      | HP: 2/64 [poisoned by a spiny frog]
  7966 | D:8      | Succumbed to a spiny frog's poison

Action                   |  1- 3 |  4- 6 |  7- 9 || total
-------------------------+-------+-------+-------++-------
Melee: Short sword       |    17 |       |       ||    17
       Dagger            |    43 |   166 |    35 ||   244
       Staff             |       |    66 |       ||    66
       Trident           |       |       |   299 ||   299
       Hand axe          |       |       |    17 ||    17
 Fire: Arbalest          |       |    16 |    80 ||    96
Throw: Javelin           |    53 |    72 |    26 ||   151
       Throwing net      |    16 |     3 |     5 ||    24
       Tomahawk          |       |       |    21 ||    21
 Abil: Device Recharging |     1 |     3 |     8 ||    12
Evoke: Wand              |     2 |     9 |    43 ||    54
  Use: Scroll            |     1 |    11 |    16 ||    28
       Potion            |       |       |     9 ||     9
 Stab: Held in net/web   |     2 |       |     2 ||     4
  Eat: Chunk             |     1 |     7 |     8 ||    16
       Beef jerky        |       |     1 |       ||     1
       Pizza             |       |       |     1 ||     1
       Fruit             |       |       |     4 ||     4
       Meat ration       |       |       |     3 ||     3
